 Dungeon Crawl Stone Soup version 0.27.1-2-g3b301248ec (webtiles) character file.

Game seed: 5117357827455692999

116 H0rd4k the Charlatan (level 5, -2/37 HPs)
             Began as a Human Artificer on Oct 5, 2021.
             Succumbed to a kobold brigand's curare-tipped dart
             ... in a sewer.
             The game lasted 00:04:09 (4119 turns).

H0rd4k the Charlatan (Human Artificer)              Turns: 4119, Time: 00:04:10

Health: -2/37      AC:  4    Str: 14    XL:     5   Next: 21%
Magic:  5/5        EV: 11    Int: 11    God:
Gold:   73         SH:  0    Dex: 13    Spells: 4/4 levels left

rFire    . . .     SeeInvis .   h - +2 short sword (venom)
rCold    . . .     Faith    .   (no shield)
rNeg     . . .     Spirit   .   b - +0 leather armour
rPois    .         Reflect  .   m - +0 helmet
rElec    .         Harm     .   (no cloak)
rCorr    .         Rampage  .   (no gloves)
Will     .....                  (no boots)
Stlth    +.........             (no amulet)
HPRegen  0.12/turn              (no ring)
MPRegen  0.09/turn              (no ring)

@: lethally poisoned (-2 -> -11), attractive, hasted and slowed, very slow
A: no striking features
a: no special abilities


You were in a sewer.
You visited 1 branch of the dungeon, and saw 3 of its levels.
You also visited: Sewer.

You collected 73 gold pieces.

Inventory:

Hand Weapons
 g - a +0 dagger
 h - a +2 short sword of venom (weapon)
Missiles
 a - 5 javelins
 i - 15 poisoned darts
Armour
 b - a +0 leather armour (worn)
 m - a +0 helmet (worn)
Wands
 c - a wand of flame (12) (quivered)
 d - a wand of charming (15)
Scrolls
 f - a scroll of identify {unknown}
 k - a scroll of teleportation {unknown}
 n - a scroll of fear {unknown}
Potions
 l - a potion of attraction
 o - a potion of invisibility {unknown}
Miscellaneous
 e - a piece from Xom's chessboard (15/15)


   Skills:
 + Level 1.5 Fighting
 * Level 3.0 Short Blades
 - Level 0.1 Maces & Flails
 - Level 2.1 Armour
 + Level 1.7 Dodging
 + Level 1.6 Stealth
 + Level 3.5 Evocations


You had 4 spell levels left.
You didn't know any spells.
Your spell library was empty.

Dungeon Overview and Level Annotations

Branches:
Dungeon (3/15)              Sewer (1/1)

Altars:


Message History

The kobold brigand throws a curare-tipped dart.
The curare-tipped dart hits you.
You are poisoned.
You have difficulty breathing.
You feel yourself slow down.
You enter the shallow water.
Moving in this stuff is going to be slow.
You feel very sick.
The kobold brigand throws a curare-tipped dart.
The curare-tipped dart hits you.
You are more poisoned.
You have difficulty breathing.
You feel as though you will be slow longer.
Aiming: Throw Flame
Press: ? - help, Shift-Dir - straight line, f - rat
Aim: a rat (71% to hit)
The puff of flame hits the rat.
You kill the rat!
You feel very sick.
Your Short Blades skill increases to level 3!
Aiming: Throw Flame
Press: ? - help, Shift-Dir - straight line, f - kobold brigand
Aim: a kobold brigand, wielding a +0 whip and quivering curare-tipped darts (64% to hit)
The puff of flame hits the kobold brigand.
The kobold brigand is moderately wounded.
You feel very sick.
The kobold brigand is engulfed in a cloud of scalding steam.
The kobold brigand throws a curare-tipped dart.
The curare-tipped dart hits you.
You are lethally poisoned!
You have difficulty breathing.
* * * LOW HITPOINT WARNING * * *
You feel as though you will be slow longer.
The kobold brigand is engulfed in a cloud of scalding steam.
It was a potion of attraction.
You feel attractive to monsters.
* * * LOW HITPOINT WARNING * * *
You feel very sick. The kobold brigand closely misses you.
It was a potion of haste.
You feel yourself speed up.
You die...

#####.≈≈≈≈####....##≈..
#.≈≈≈≈##### ##..≈≈≈...
####### ##.≈....≈
#≈≈≈..≈. #≈≈..≈≈.
#.≈≈≈... ######
##.≈...≈. #.≈≈§.#####
##.≈≈.≈...
#K@.≈≈####.≈≈.##≈..
#.≈≈≈.###.≈≈...≈≈####≈≈
####### #.≈≈.≈.≈.# #≈.
#.≈≈†.###≈≈≈≈.≈.## .
#####.≈≈≈≈#######
#.≈≈≈≈##### #######


You could see a kobold brigand.

Vanquished Creatures
  4 adders
  A river rat (Sewer)
  3 worms
  2 dart slugs
  6 ball pythons
  8 endoplasms
  4 giant cockroaches
  4 goblins
  2 hobgoblins
  5 kobolds
  4 quokkas
  4 bats
  2 frilled lizards (D:1)
  8 rats
57 creatures vanquished.

Notes
Turn   | Place    | Note
-------+----------+-------------------------------------------
     0 | D:1      | H0rd4k the Human Artificer began the quest for the Orb.
     0 | D:1      | Reached XP level 1. HP: 15/15 MP: 1/1
   575 | D:1      | Reached XP level 2. HP: 7/21 MP: 2/2
  1542 | D:1      | Reached XP level 3. HP: 18/26 MP: 3/3
  2406 | D:2      | Reached skill level 1 in Short Blades
  2864 | D:2      | Reached XP level 4. HP: 24/32 MP: 4/4
  3636 | D:3      | Found a glowing drain.
  3666 | Sewer    | Entered a sewer
  3810 | Sewer    | Reached XP level 5. HP: 28/37 MP: 5/5
  4113 | Sewer    | Noticed a kobold brigand
  4118 | Sewer    | HP: 1/37 [poisoned by a kobold brigand (curare-tipped
                  | dart)]
  4119 | Sewer    | Succumbed to a kobold brigand's curare-tipped dart

Illustrated notes

Levels and vault maps discovered:
D:1:      psy_arrival_radial02, layout_basic, kennysheep_decorative_pillar
D:2:      layout_rooms, minmay_box_of_dots
D:3:      layout_basic, cheibrodos_sewer_entry_bend, serial_aquarium,
          aquarium_bridge_long_joined [aquarium_subvault_window,
          aquarium_subvault_wall, aquarium_subvault_bridge,
          aquarium_subvault_window, aquarium_subvault_wall,
          aquarium_subvault_bridge], aquarium_bridge_square
          [aquarium_subvault_bridge, aquarium_subvault_wall,
          aquarium_subvault_window, aquarium_subvault_bridge],
          aquarium_window_3, aquarium_window_fake, aquarium_window_2,
          aquarium_view_2f
Sewer:    sewer_co_tree

Skill      XL: |  1  2  3  4  5 |
---------------+----------------+-----
Short Blades   | 1 2 3 |  3.0
Fighting       | |  1.5
Maces & Flails | |  0.1
Armour         | |  2.1
Dodging        | |  1.7
Stealth        | |  1.6
Evocations     | |  3.5

Action                   |  1- 3 |  4- 6 || total
-------------------------+-------+-------++-------
Melee: Club              |    45 |       ||    45
       Dagger            |    53 |       ||    53
       Short sword       |    68 |    70 ||   138
Evoke: Wand              |     1 |     2 ||     3
  Use: Potion            |       |     2 ||     2
 Stab: Sleeping          |     2 |       ||     2
Armor: Leather armour    |    47 |    21 ||    68
Dodge: Dodged            |    85 |    48 ||   133
